Tigers vs Stars

Created - Thursday, January 28, 2016 at 00:32

Goals
1 2 3 T
Tigers 4 6 0 10
Stars 0 1 0 1
Shots
1 2 3 T
Tigers 6 9 6 21
Stars 13 6 10 29

1st period

1. Tigers , Cody McLeod 5 (Kane Lafranchise) at 9:32
2. Tigers , Cody McLeod 6 (Ty Rattie) at 11:03
3. Tigers , Anthony Peluso 15 (Ronalds Kenins) at 12:29
4. Tigers , Jordan Leopold 5 (Ronalds Kenins, Adam Comrie) at 16:30

Penalties :
Steven Delisle (TEX) for Fighting (Major) at 2:29, Cody McLeod (BRI) for Fighting (Major) at 2:29, Brad Malone (TEX) for Fighting (Major) at 2:36, Keith Seabrook (BRI) for Fighting (Major) at 2:36, Brad Malone (TEX) for instigated a fight (Minor) at 2:36, Brad Malone (TEX) for instigated a fight (10 Minutes Misconduct) at 2:36, Zach Sill (TEX) for Fighting (Major) at 17:53, Anthony Peluso (BRI) for Fighting (Major) at 17:53, Steven Delisle (TEX) for Fighting (Major) at 19:39, Cody McLeod (BRI) for Fighting (Major) at 19:39, Brad Malone (TEX) for Fighting (Major) at 19:42, Kane Lafranchise (BRI) for Fighting (Major) at 19:42

2nd period

5. Tigers , Brandon Bollig 17 (Harry Zolnierczyk) at 0:06
6. Tigers , Jordan Leopold 6 (Ronalds Kenins, Harry Zolnierczyk) at 0:36
7. Tigers , Anthony Peluso 16 (Cody McLeod) at 5:23
8. Stars , Brandon Kozun 15 (John Albert, Jonathan Diaby) at 6:36
9. Tigers , Patrick Kaleta 16 (Ty Rattie, Jordan Leopold) at 8:53
10. Tigers , Anthony Peluso 17 (Ronalds Kenins, Jordan Leopold) at 9:09
11. Tigers , Anthony Peluso 18 (Ronalds Kenins) at 17:55

Penalties :
Bruno Gervais (TEX) for Fighting (Major) at 0:26, Brandon Bollig (BRI) for Fighting (Major) at 0:26, Jordan Leopold (BRI) for High sticking (Minor) at 6:39, Alexandre Grenier (TEX) for Holding (Minor) at 15:21, Zach Sill (TEX) for Fighting (Major) at 18:10, Anthony Peluso (BRI) for Fighting (Major) at 18:10, Steven Delisle (TEX) for Fighting (Major / Game Misconduct) at 18:36, Adam Comrie (BRI) for Fighting (Major) at 18:36, Brad Malone (TEX) for Fighting (Major / Game Misconduct) at 18:44, Cody McLeod (BRI) for Fighting (Major / Game Misconduct) at 18:44, Bruno Gervais (TEX) for Fighting (Major) at 19:47, Brandon Bollig (BRI) for Fighting (Major) at 19:47, Brandon Bollig (BRI) for instigated a fight (Minor) at 19:47, Brandon Bollig (BRI) for instigated a fight (10 Minutes Misconduct) at 19:47

3rd period

No Goal

Penalties :
No Penalty

Goalie Stats

Cam Ward (BRI), 28 saves from 29 shots - (0.966), W, 28-4-12, 60:00 minutes
FARM GOALIE19 (TEX), 10 saves from 16 shots - (0.625), L, 0-17-0, 47:37 minutes
FARM GOALIE21 (TEX), 1 saves from 5 shots - (0.200), 12:23 minutes

Players Stats for Tigers

Player Name              G  A  P  +/- PIM S  H  SB GA TA FO     MP     PP MP  PK MP  
------------------------------------------------------------------------------------
Adam Comrie              0  1  1   0  5   0  2  0  0  0  0/0    18:29   1:50   0:57 
Alexander Khokhlachev    0  0  0   2  0   1  4  0  0  1  9/15   19:00   2:17   0:06 
Anthony Peluso           4  0  4   4  10  4  2  0  0  1  0/1    15:22   0:00   0:00 
Brandon Bollig           1  0  1   1  22  1  1  1  2  1  0/1    14:25   1:41   1:35 
Brandon Defazio          0  0  0   3  0   1  0  0  0  0  0/0    11:17   0:00   1:53 
Carter Rowney            0  0  0   0  0   1  1  0  0  0  3/8    15:56   1:41   0:00 
Chandler Stephenson      0  0  0   3  0   0  0  1  1  1  6/11   15:36   0:00   1:53 
Cody McLeod              2  1  3   3  25  2  1  0  2  0  1/3    11:12   0:45   1:35 
Connor Carrick           0  0  0   0  0   0  2  0  1  1  0/0    20:36   1:50   0:57 
Harry Zolnierczyk        0  2  2   3  0   1  0  0  1  0  2/5    14:02   1:32   0:00 
Ian White                0  0  0   3  0   1  0  0  0  0  0/0    15:12   0:00   1:02 
Jordan Leopold           2  2  4   6  2   3  0  2  1  4  0/0    21:05   2:08   1:59 
Kane Lafranchise         0  1  1   3  5   0  0  0  0  1  0/0    12:44   0:00   0:00 
Keith Seabrook           0  0  0   1  5   0  0  0  0  0  0/0     9:29   0:00   0:00 
Kyle Quincey             0  0  0   6  0   1  0  2  0  2  0/0    27:02   2:08   3:01 
Patrick Kaleta           1  0  1   1  0   2  1  1  0  1  0/0    17:19   1:41   0:30 
Ronalds Kenins           0  5  5   4  0   1  4  0  1  0  0/1    16:37   0:00   0:00 
Ty Rattie                0  2  2   2  0   2  3  0  2  1  1/1    20:28   2:17   0:24 

Players Stats for Stars

Player Name              G  A  P  +/- PIM S  H  SB GA TA FO     MP     PP MP  PK MP  
------------------------------------------------------------------------------------
Alexandre Grenier        0  0  0  -5  2   0  1  0  0  1  0/1    16:54   1:00   0:00 
Brad Malone              0  0  0  -1  37  2  0  0  0  0  1/3     7:03   1:02   0:19 
Brandon Kozun            1  0  1   0  0   5  0  0  3  0  0/1    18:17   1:50   0:41 
Brent Sopel              0  0  0  -2  0   0  4  1  1  0  0/0    17:18   0:00   0:22 
Bruno Gervais            0  0  0  -3  10  2  2  2  0  0  0/0    20:42   0:41   2:20 
Cameron Gaunce           0  0  0  -3  0   1  2  1  0  1  0/0    22:10   3:17   1:38 
Derrick Pouliot          0  0  0  -5  0   2  0  1  0  2  0/0    28:11   2:40   2:20 
Jason Williams           0  0  0  -4  0   2  1  1  0  0  3/7    14:55   0:00   0:00 
John Albert              0  1  1   0  0   5  6  0  2  0  5/8    18:23   1:56   0:44 
Jonathan Diaby           0  1  1  -1  0   2  0  0  0  0  0/0    13:40   0:00   0:00 
Justin Shugg             0  0  0   0  0   1  3  1  0  1  4/4    20:54   1:56   2:03 
Miikka Salomaki          0  0  0  -4  0   2  2  1  3  0  0/0    18:01   0:00   1:38 
Nic Kerdiles             0  0  0  -1  0   0  0  0  0  0  0/0     5:57   0:00   1:50 
Nick Jones               0  0  0   0  0   0  0  0  0  1  0/0     3:34   0:00   0:00 
Paul Thompson            0  0  0  -6  0   2  3  0  4  0  5/9    20:45   1:00   0:00 
Steven Delisle           0  0  0  -4  25  1  2  0  0  0  0/0    14:51   1:18   1:16 
Zac Dalpe                0  0  0  -4  0   0  2  2  0  0  1/1    20:58   2:08   0:41 
Zach Sill                0  0  0  -2  10  2  2  2  4  0  5/12   13:18   1:02   0:00 

3 Stars

1 - Jordan Leopold (BRI)
2 - Ronalds Kenins (BRI)
3 - Anthony Peluso (BRI)

Power Play

Tigers - 0 on 2 Attempt(s) - 0.00%
Stars - 0 on 2 Attempt(s) - 0.00%

Penalty Kill

Tigers - 2 on 2 Attempt(s) - 100.00% - Score 0 goal in Penalty Kill
Stars - 2 on 2 Attempt(s) - 100.00% - Score 0 goal in Penalty Kill

Team Stat

Tigers - Hits : 21 - Faceoff Wins : 22 - Blocked Shots : 7 - Penalty Minutes : 74
Stars - Hits : 30 - Faceoff Wins : 24 - Blocked Shots : 12 - Penalty Minutes : 84

Official

Referees : Unknown
Linesman : Unknown

Game Notes

Cody McLeod beats up Steven Delisle at 2:29 of 1st period
Brad Malone and Keith Seabrook fight to a draw at 2:36 of 1st period
FARM GOALIE21 enters game at 16:30 of 1st period
Zach Sill and Anthony Peluso fight to a draw at 17:53 of 1st period
Steven Delisle beats up Cody McLeod at 19:39 of 1st period
Kane Lafranchise beats up Brad Malone at 19:42 of 1st period
Bruno Gervais and Brandon Bollig fight to a draw at 0:26 of 2nd period
FARM GOALIE19 enters game at 8:53 of 2nd period
Anthony Peluso has scored a Hat Trick!
Zach Sill and Anthony Peluso fight to a draw at 18:10 of 2nd period
Adam Comrie beats up Steven Delisle at 18:36 of 2nd period
Steven Delisle ejected from game at 18:36 of 2nd period
Brad Malone and Cody McLeod fight to a draw at 18:44 of 2nd period
Brad Malone ejected from game at 18:44 of 2nd period
Cody McLeod ejected from game at 18:44 of 2nd period
Cody McLeod from Tigers is suspended for 1 game(s)
Bruno Gervais and Brandon Bollig fight to a draw at 19:47 of 2nd period

Finance

Level 1 -- Attendance: 1646 (82.30%) -- Ticket Income $57,610
Level 2 -- Attendance: 736 (73.60%) -- Ticket Income $11,040
Total Attendance: 2382 (79.40%)
Total Ticket Income: $68,650
Other Income: $33,638
Total Income: $102,288

Tigers

5 vs 5 Forward 
   Center                   Left Wing                Right Wing               Time % Phy DF OF 
 1 Alexander Khokhlachev    Cody McLeod              Ty Rattie                35     1   2  2  
 2 Carter Rowney            Brandon Bollig           Patrick Kaleta           30     1   2  2  
 3 Chandler Stephenson      Ronalds Kenins           Anthony Peluso           22     1   2  2  
 4 Cody McLeod              Brandon Defazio          Brandon Bollig           13     1   2  2  

5 vs 5 Defense 
   Defense                  Defense                                           Time % Phy DF OF 
 1 Kyle Quincey             Jordan Leopold                                    35     1   2  2  
 2 Connor Carrick           Adam Comrie                                       30     1   2  2  
 3 Kane Lafranchise         Ian White                                         22     1   2  2  
 4 Keith Seabrook           Kyle Quincey                                      13     1   2  2  

PowerPlay Forward 
   Center                   Left Wing                Right Wing               Time % Phy DF OF 
 1 Alexander Khokhlachev    Cody McLeod              Ty Rattie                60     1   2  2  
 2 Carter Rowney            Brandon Bollig           Patrick Kaleta           40     1   2  2  

PowerPlay Defense
   Defense                  Defense                                           Time % Phy DF OF 
 1 Kyle Quincey             Jordan Leopold                                    60     1   2  2  
 2 Connor Carrick           Adam Comrie                                       40     1   2  2  

Penalty Kill 4 Players Forward 
   Center                   Wing                     Time % Phy DF OF 
 1 Cody McLeod              Brandon Bollig           60     1   2  2  
 2 Ty Rattie                Patrick Kaleta           40     1   2  2  

Penalty Kill 4 Players Defense
   Defense                  Defense                  Time % Phy DF OF 
 1 Kyle Quincey             Jordan Leopold           60     1   2  2  
 2 Connor Carrick           Adam Comrie              40     1   2  2  

Penalty Kill - 3 Players Forward 
   Forward                                           Time % Phy DF OF 
 1 Cody McLeod                                       60     1   2  2  
 2 Brandon Bollig                                    40     1   2  2  

Penalty Kill - 3 Players Defense
   Defense                  Defense                  Time % Phy DF OF 
 1 Kyle Quincey             Jordan Leopold           60     1   2  2  
 2 Connor Carrick           Adam Comrie              40     1   2  2  

4 vs 4 Forward 
   Center                   Wing                     Time % Phy DF OF 
 1 Cody McLeod              Brandon Bollig           60     1   2  2  
 2 Ty Rattie                Patrick Kaleta           40     1   2  2  

4 vs 4 Defense
   Defense                  Defense                  Time % Phy DF OF 
 1 Kyle Quincey             Jordan Leopold           60     1   2  2  
 2 Connor Carrick           Adam Comrie              40     1   2  2  

Last Minutes Offensive
   Center                   Left Wing                Right Wing               Defense                  Defense                  
   Alexander Khokhlachev    Cody McLeod              Ty Rattie                Kyle Quincey             Jordan Leopold           

Last Minutes Defensive
   Center                   Left Wing                Right Wing               Defense                  Defense                  
   Alexander Khokhlachev    Cody McLeod              Ty Rattie                Kyle Quincey             Jordan Leopold           

Goaltenders
Starting : Cam Ward                 
Backup : Scott Munroe             

Extra Forwards
Normal : Harry Zolnierczyk, Ronalds Kenins, Anthony Peluso - PP : Harry Zolnierczyk, Ronalds Kenins - PK : Anthony Peluso
Extra Defensemen
Normal : Kane Lafranchise, Ian White, Keith Seabrook - PP : Kane Lafranchise - PK : Ian White, Keith Seabrook
Penalty Shots
Cody McLeod, Brandon Bollig, Ty Rattie, Patrick Kaleta, Ronalds Kenins

Stars

5 vs 5 Forward 
   Center                   Left Wing                Right Wing               Time % Phy DF OF 
 1 Zach Sill                Brad Malone              Zac Dalpe                35     1   2  2  
 2 John Albert              Justin Shugg             Brandon Kozun            30     1   2  2  
 3 Jason Williams           Miikka Salomaki          Paul Thompson            22     1   2  2  
 4 Brad Malone              Zac Dalpe                Alexandre Grenier        13     1   2  2  

5 vs 5 Defense 
   Defense                  Defense                                           Time % Phy DF OF 
 1 Derrick Pouliot          Bruno Gervais                                     35     1   2  2  
 2 Steven Delisle           Cameron Gaunce                                    30     1   2  2  
 3 Steven Delisle           Brent Sopel                                       22     1   2  2  
 4 Jonathan Diaby           Derrick Pouliot                                   13     1   2  2  

PowerPlay Forward 
   Center                   Left Wing                Right Wing               Time % Phy DF OF 
 1 Zach Sill                Brad Malone              Zac Dalpe                60     1   2  2  
 2 John Albert              Justin Shugg             Brandon Kozun            40     1   2  2  

PowerPlay Defense
   Defense                  Defense                                           Time % Phy DF OF 
 1 Derrick Pouliot          Bruno Gervais                                     60     1   2  2  
 2 Steven Delisle           Cameron Gaunce                                    40     1   2  2  

Penalty Kill 4 Players Forward 
   Center                   Wing                     Time % Phy DF OF 
 1 Justin Shugg             Brad Malone              60     1   2  2  
 2 Zac Dalpe                Brandon Kozun            40     1   2  2  

Penalty Kill 4 Players Defense
   Defense                  Defense                  Time % Phy DF OF 
 1 Derrick Pouliot          Bruno Gervais            60     1   2  2  
 2 Steven Delisle           Cameron Gaunce           40     1   2  2  

Penalty Kill - 3 Players Forward 
   Forward                                           Time % Phy DF OF 
 1 Zac Dalpe                                         60     1   2  2  
 2 Brad Malone                                       40     1   2  2  

Penalty Kill - 3 Players Defense
   Defense                  Defense                  Time % Phy DF OF 
 1 Derrick Pouliot          Bruno Gervais            60     1   2  2  
 2 Brent Sopel              Cameron Gaunce           40     1   2  2  

4 vs 4 Forward 
   Center                   Wing                     Time % Phy DF OF 
 1 Paul Thompson            Brad Malone              60     1   2  2  
 2 Zac Dalpe                Brandon Kozun            40     1   2  2  

4 vs 4 Defense
   Defense                  Defense                  Time % Phy DF OF 
 1 Derrick Pouliot          Bruno Gervais            60     1   2  2  
 2 Jonathan Diaby           Cameron Gaunce           40     1   2  2  

Last Minutes Offensive
   Center                   Left Wing                Right Wing               Defense                  Defense                  
   Zach Sill                Brad Malone              Zac Dalpe                Derrick Pouliot          Bruno Gervais            

Last Minutes Defensive
   Center                   Left Wing                Right Wing               Defense                  Defense                  
   Zach Sill                Brad Malone              Zac Dalpe                Derrick Pouliot          Bruno Gervais            

Goaltenders
Starting : FARM GOALIE19            
Backup : FARM GOALIE21            

Extra Forwards
Normal : Paul Thompson, Alexandre Grenier, Miikka Salomaki - PP : Paul Thompson, Alexandre Grenier - PK : Miikka Salomaki
Extra Defensemen
Normal : Steven Delisle, Brent Sopel, Jonathan Diaby - PP : Steven Delisle - PK : Brent Sopel, Jonathan Diaby
Penalty Shots
Alexandre Grenier, Brad Malone, Zac Dalpe, Brandon Kozun, Justin Shugg

% Time on Ice - Tigers

Lines # - Real PCT - Wanted PCT - Time Play
Normal Forward
1 - 30% - 35% - 15:29
2 - 25% - 30% - 13:14
3 - 18% - 22% - 9:19
4 - 27% - 13% - 14:02
Normal Defense
1 - 29% - 35% - 15:02
2 - 31% - 30% - 15:59
3 - 25% - 22% - 12:59
4 - 15% - 13% - 8:04
PP Forward
1 - 58% - 60% - 2:17
2 - 42% - 40% - 1:41
PP Defense
1 - 54% - 60% - 2:08
2 - 46% - 40% - 1:50
PK Forward
1 - 90% - 60% - 3:34
2 - 10% - 40% - 0:24
PK Defense
1 - 76% - 60% - 3:01
2 - 24% - 40% - 0:57
PK3 Forward
1 - 0% - 60%
2 - 0% - 40%
PK3 Defense
1 - 0% - 60%
2 - 0% - 40%
44 Forward
1 - 0% - 60%
2 - 0% - 40%
44 Defense
1 - 0% - 60%
2 - 0% - 40%
Last Minute Offensive  - 0:00
Last Minute Defensive  - 0:00
Total
Forward - 60:00
Defense - 60:00

% Time on Ice - Stars

Lines # - Real PCT - Wanted PCT - Time Play
Normal Forward
1 - 37% - 35% - 19:04
2 - 21% - 30% - 11:03
3 - 26% - 22% - 13:34
4 - 16% - 13% - 8:23
Normal Defense
1 - 24% - 35% - 12:18
2 - 37% - 30% - 19:20
3 - 29% - 22% - 15:05
4 - 10% - 13% - 5:21
PP Forward
1 - 54% - 60% - 2:08
2 - 46% - 40% - 1:50
PP Defense
1 - 67% - 60% - 2:40
2 - 33% - 40% - 1:18
PK Forward
1 - 83% - 60% - 3:17
2 - 17% - 40% - 0:41
PK Defense
1 - 59% - 60% - 2:20
2 - 41% - 40% - 1:38
PK3 Forward
1 - 0% - 60%
2 - 0% - 40%
PK3 Defense
1 - 0% - 60%
2 - 0% - 40%
44 Forward
1 - 0% - 60%
2 - 0% - 40%
44 Defense
1 - 0% - 60%
2 - 0% - 40%
Last Minute Offensive  - 0:00
Last Minute Defensive  - 0:00
Total
Forward - 60:00
Defense - 60:00

Play by Play

1st period


0:01 of 1st period - Alexander Khokhlachev wins face-off versus Zach Sill in neutral zone.
1:01 of 1st period - Carter Rowney is hit by John Albert and loses puck.
2:19 of 1st period - Steven Delisle is hit by Brandon Bollig and loses puck.
2:29 of 1st period - Cody McLeod beats up Steven Delisle.
2:29 of 1st period - Penalty to Steven Delisle for Fighting.
2:29 of 1st period - Penalty to Cody McLeod for Fighting.
2:30 of 1st period - Alexander Khokhlachev wins face-off versus Brad Malone in neutral zone.
2:36 of 1st period - Brad Malone and Keith Seabrook fight to a draw.
2:36 of 1st period - Penalty to Brad Malone for Fighting.
2:36 of 1st period - Penalty to Keith Seabrook for Fighting.
2:36 of 1st period - Penalty to Brad Malone for instigated a fight.
2:36 of 1st period - Penalty to Brad Malone for instigated a fight.
2:37 of 1st period - Justin Shugg wins face-off versus Harry Zolnierczyk in Tigers zone.
2:40 of 1st period - Wrist shot by Miikka Salomaki.
2:40 of 1st period - Stopped by Cam Ward with a rebound.
4:13 of 1st period - Snap shot by Ty Rattie.
4:13 of 1st period - Deflect By Alexander Khokhlachev.
4:13 of 1st period - Shot Blocked by Bruno Gervais.
4:13 of 1st period - Puck is out of play.
4:14 of 1st period - Justin Shugg wins face-off versus Alexander Khokhlachev in Stars zone.
4:36 of 1st period - Penalty to Brad Malone is over, Paul Thompson is send on ice.
4:39 of 1st period - Paul Thompson is hit by Adam Comrie and loses puck.
5:23 of 1st period - Snap shot by Ronalds Kenins.
5:23 of 1st period - Shot Misses the Net.
5:58 of 1st period - Kane Lafranchise is hit by Miikka Salomaki and loses puck.
6:27 of 1st period - Ty Rattie is hit by Brent Sopel and loses puck.
6:34 of 1st period - Alexander Khokhlachev is hit by Miikka Salomaki and loses puck.
7:27 of 1st period - Wrist shot by John Albert.
7:27 of 1st period - Stopped by Cam Ward with a rebound.
7:29 of 1st period - Wrist shot by John Albert.
7:29 of 1st period - Shot Misses the Net.
8:09 of 1st period - John Albert is hit by Adam Comrie and loses puck.
8:22 of 1st period - Alexandre Grenier is hit by Anthony Peluso and loses puck.
8:33 of 1st period - Wrist shot by Alexander Khokhlachev.
8:33 of 1st period - Stopped by FARM GOALIE19 without a rebound.
8:34 of 1st period - Alexander Khokhlachev wins face-off versus Zach Sill in Stars zone.
9:03 of 1st period - Jason Williams is hit by Ronalds Kenins and loses puck.
9:28 of 1st period - Wrist shot by Cody McLeod.
9:28 of 1st period - Shot Blocked by Miikka Salomaki.
9:30 of 1st period - Snap shot by Cody McLeod.
9:30 of 1st period - Shot Misses the Net.
9:32 of 1st period - Wrist shot by Cody McLeod.
9:32 of 1st period - Goal by Cody McLeod - Tigers : 1 - Stars : 0.
9:33 of 1st period - John Albert wins face-off versus Alexander Khokhlachev in neutral zone.
10:11 of 1st period - Wrist shot by Zach Sill.
10:11 of 1st period - Stopped by Cam Ward without a rebound.
10:12 of 1st period - Carter Rowney wins face-off versus Zach Sill in Tigers zone.
10:12 of 1st period - Carter Rowney is hit by Zac Dalpe.
11:01 of 1st period - Snap shot by Cody McLeod.
11:01 of 1st period - Shot Misses the Net.
11:03 of 1st period - Slapshot by Cody McLeod.
11:03 of 1st period - Goal by Cody McLeod - Tigers : 2 - Stars : 0.
11:04 of 1st period - John Albert wins face-off versus Carter Rowney in neutral zone.
12:05 of 1st period - Alexander Khokhlachev is hit by Jason Williams and loses puck.
12:29 of 1st period - Slapshot by Anthony Peluso.
12:29 of 1st period - Goal by Anthony Peluso - Tigers : 3 - Stars : 0.
12:30 of 1st period - Chandler Stephenson wins face-off versus John Albert in neutral zone.
12:43 of 1st period - Anthony Peluso is hit by John Albert and loses puck.
13:27 of 1st period - Brent Sopel is hit by Cody McLeod.
14:02 of 1st period - Off-side.
14:03 of 1st period - Jason Williams wins face-off versus Cody McLeod in neutral zone.
14:10 of 1st period - Wrist shot by Paul Thompson.
14:10 of 1st period - Shot Blocked by Brandon Bollig.
14:12 of 1st period - Slapshot by Jonathan Diaby.
14:12 of 1st period - Stopped by Cam Ward with a rebound.
14:37 of 1st period - Ian White is hit by Zac Dalpe and loses puck.
14:50 of 1st period - Ronalds Kenins is hit by Steven Delisle and loses puck.
14:59 of 1st period - Snap shot by John Albert.
14:59 of 1st period - Stopped by Cam Ward without a rebound.
15:00 of 1st period - John Albert wins face-off versus Alexander Khokhlachev in Tigers zone.
15:25 of 1st period - Icing by Bruno Gervais.
15:26 of 1st period - John Albert wins face-off versus Carter Rowney in Stars zone.
15:55 of 1st period - Slapshot by Jason Williams.
15:55 of 1st period - Shot Misses the Net.
15:57 of 1st period - Slapshot by Steven Delisle.
15:57 of 1st period - Deflect By Patrick Kaleta.
15:57 of 1st period - Stopped by Cam Ward with a rebound.
16:15 of 1st period - Anthony Peluso is hit by Steven Delisle and loses puck.
16:26 of 1st period - Wrist shot by Ronalds Kenins.
16:26 of 1st period - Shot Blocked by Zach Sill.
16:28 of 1st period - Slapshot by Jordan Leopold.
16:28 of 1st period - Shot Blocked by Zach Sill.
16:30 of 1st period - Slapshot by Jordan Leopold.
16:30 of 1st period - Goal by Jordan Leopold - Tigers : 4 - Stars : 0.
16:30 of 1st period - FARM GOALIE21 enters game.
16:31 of 1st period - Alexander Khokhlachev wins face-off versus Jason Williams in neutral zone.
16:34 of 1st period - Wrist shot by Cody McLeod.
16:34 of 1st period - Shot Misses the Net.
16:43 of 1st period - Off-side.
16:44 of 1st period - Alexander Khokhlachev wins face-off versus Jason Williams in neutral zone.
16:47 of 1st period - Derrick Pouliot is hit by Alexander Khokhlachev and loses puck.
17:18 of 1st period - Bruno Gervais is hit by Alexander Khokhlachev and loses puck.
17:25 of 1st period - Cody McLeod is hit by Justin Shugg and loses puck.
17:34 of 1st period - Wrist shot by John Albert.
17:34 of 1st period - Stopped by Cam Ward with a rebound.
17:36 of 1st period - 10 Minutes Misconduct Penalty to Brad Malone is over.
17:36 of 1st period - Slapshot by Steven Delisle.
17:36 of 1st period - Shot Blocked by Kyle Quincey.
17:38 of 1st period - Wrist shot by Brandon Kozun.
17:38 of 1st period - Stopped by Cam Ward without a rebound.
17:39 of 1st period - Chandler Stephenson wins face-off versus Zach Sill in Tigers zone.
17:53 of 1st period - Zach Sill and Anthony Peluso fight to a draw.
17:53 of 1st period - Penalty to Zach Sill for Fighting.
17:53 of 1st period - Penalty to Anthony Peluso for Fighting.
17:54 of 1st period - Paul Thompson wins face-off versus Brandon Bollig in Tigers zone.
18:07 of 1st period - Snap shot by Paul Thompson.
18:07 of 1st period - Stopped by Cam Ward with a rebound.
18:17 of 1st period - Snap shot by Paul Thompson.
18:17 of 1st period - Shot Misses the Net.
18:19 of 1st period - Slapshot by Bruno Gervais.
18:19 of 1st period - Stopped by Cam Ward with a rebound.
18:21 of 1st period - Slapshot by Derrick Pouliot.
18:21 of 1st period - Shot Misses the Net.
18:23 of 1st period - Snap shot by Brad Malone.
18:23 of 1st period - Stopped by Cam Ward with a rebound.
18:25 of 1st period - Wrist shot by Derrick Pouliot.
18:25 of 1st period - Shot Misses the Net.
18:57 of 1st period - Backhand shot by John Albert.
18:57 of 1st period - Shot Blocked by Patrick Kaleta.
19:01 of 1st period - Wrist shot by Brandon Kozun.
19:01 of 1st period - Shot Misses the Net.
19:03 of 1st period - Slapshot by Cameron Gaunce.
19:03 of 1st period - Stopped by Cam Ward with a rebound.
19:05 of 1st period - Snap shot by Brandon Kozun.
19:05 of 1st period - Deflect By Justin Shugg.
19:05 of 1st period - Stopped by Cam Ward with a rebound.
19:39 of 1st period - Steven Delisle beats up Cody McLeod.
19:39 of 1st period - Penalty to Steven Delisle for Fighting.
19:39 of 1st period - Penalty to Cody McLeod for Fighting.
19:40 of 1st period - Alexander Khokhlachev wins face-off versus Brad Malone in Stars zone.
19:42 of 1st period - Kane Lafranchise beats up Brad Malone.
19:42 of 1st period - Penalty to Brad Malone for Fighting.
19:42 of 1st period - Penalty to Kane Lafranchise for Fighting.
19:43 of 1st period - Alexander Khokhlachev wins face-off versus Paul Thompson in Stars zone.
19:54 of 1st period - Slapshot by Harry Zolnierczyk.
19:54 of 1st period - Stopped by FARM GOALIE21 with a rebound.
Goals for this period are 4 for Tigers vs 0 for Stars.
Shots for this period are 6 for Tigers vs 13 for Stars.

2nd period


0:01 of 2nd period - Harry Zolnierczyk wins face-off versus Paul Thompson in neutral zone.
0:04 of 2nd period - Wrist shot by Brandon Bollig.
0:04 of 2nd period - Shot Misses the Net.
0:06 of 2nd period - Slapshot by Brandon Bollig.
0:06 of 2nd period - Goal by Brandon Bollig - Tigers : 5 - Stars : 0.
0:07 of 2nd period - Paul Thompson wins face-off versus Carter Rowney in neutral zone.
0:16 of 2nd period - Carter Rowney is hit by Alexandre Grenier and loses puck.
0:26 of 2nd period - Bruno Gervais and Brandon Bollig fight to a draw.
0:26 of 2nd period - Penalty to Bruno Gervais for Fighting.
0:26 of 2nd period - Penalty to Brandon Bollig for Fighting.
0:27 of 2nd period - Harry Zolnierczyk wins face-off versus Alexandre Grenier in Tigers zone.
0:34 of 2nd period - Snap shot by Ronalds Kenins.
0:34 of 2nd period - Shot Misses the Net.
0:36 of 2nd period - Slapshot by Jordan Leopold.
0:36 of 2nd period - Goal by Jordan Leopold - Tigers : 6 - Stars : 0.
0:37 of 2nd period - Zac Dalpe wins face-off versus Alexander Khokhlachev in neutral zone.
0:42 of 2nd period - Backhand shot by Paul Thompson.
0:42 of 2nd period - Shot Blocked by Jordan Leopold.
0:44 of 2nd period - Slapshot by Jonathan Diaby.
0:44 of 2nd period - Stopped by Cam Ward with a rebound.
0:46 of 2nd period - Backhand shot by Brent Sopel.
0:46 of 2nd period - Shot Blocked by Kyle Quincey.
0:48 of 2nd period - Snap shot by Paul Thompson.
0:48 of 2nd period - Shot Misses the Net.
0:50 of 2nd period - Wrist shot by Alexandre Grenier.
0:50 of 2nd period - Deflect By Paul Thompson.
0:50 of 2nd period - Shot Hit the Post.
0:50 of 2nd period - Puck is out of play.
0:51 of 2nd period - Paul Thompson wins face-off versus Harry Zolnierczyk in Tigers zone.
1:18 of 2nd period - Snap shot by Alexander Khokhlachev.
1:18 of 2nd period - Shot Blocked by Zac Dalpe.
1:55 of 2nd period - Wrist shot by Brandon Kozun.
1:55 of 2nd period - Shot Misses the Net.
3:25 of 2nd period - Zac Dalpe is hit by Ronalds Kenins and loses puck.
4:40 of 2nd period - Ian White is hit by Zach Sill and loses puck.
5:16 of 2nd period - Nic Kerdiles is hit by Alexander Khokhlachev and loses puck.
5:23 of 2nd period - Snap shot by Anthony Peluso.
5:23 of 2nd period - Goal by Anthony Peluso - Tigers : 7 - Stars : 0.
5:24 of 2nd period - Alexander Khokhlachev wins face-off versus Jason Williams in neutral zone.
6:03 of 2nd period - Snap shot by Brad Malone.
6:03 of 2nd period - Stopped by Cam Ward with a rebound.
6:14 of 2nd period - Icing by Chandler Stephenson.
6:15 of 2nd period - Chandler Stephenson wins face-off versus John Albert in Tigers zone.
6:26 of 2nd period - Wrist shot by Brandon Kozun.
6:26 of 2nd period - Stopped by Cam Ward with a rebound.
6:36 of 2nd period - Snap shot by Brandon Kozun.
6:36 of 2nd period - Goal by Brandon Kozun - Tigers : 7 - Stars : 1.
6:37 of 2nd period - Cody McLeod wins face-off versus Jason Williams in neutral zone.
6:39 of 2nd period - Minor Penalty to Jordan Leopold for High sticking.
6:40 of 2nd period - Zach Sill wins face-off versus Cody McLeod in Tigers zone.
7:40 of 2nd period - Cody McLeod is hit by Cameron Gaunce and loses puck.
8:39 of 2nd period - Penalty to Jordan Leopold is over, Jordan Leopold is back on ice.
8:39 of 2nd period - Patrick Kaleta is hit by Bruno Gervais and loses puck.
8:46 of 2nd period - Bruno Gervais is hit by Patrick Kaleta and loses puck.
8:51 of 2nd period - Slapshot by Ty Rattie.
8:51 of 2nd period - Shot Blocked by Justin Shugg.
8:53 of 2nd period - Slapshot by Patrick Kaleta.
8:53 of 2nd period - Goal by Patrick Kaleta - Tigers : 8 - Stars : 1.
8:53 of 2nd period - FARM GOALIE19 enters game.
8:54 of 2nd period - Jason Williams wins face-off versus Chandler Stephenson in neutral zone.
8:57 of 2nd period - Kyle Quincey is hit by Brent Sopel and loses puck.
9:09 of 2nd period - Slapshot by Anthony Peluso.
9:09 of 2nd period - Goal by Anthony Peluso - Tigers : 9 - Stars : 1.
9:10 of 2nd period - Brad Malone wins face-off versus Chandler Stephenson in neutral zone.
9:23 of 2nd period - Wrist shot by Alexandre Grenier.
9:23 of 2nd period - Shot Blocked by Jordan Leopold.
9:25 of 2nd period - Snap shot by Brad Malone.
9:25 of 2nd period - Shot Misses the Net.
9:27 of 2nd period - Snap shot by Brad Malone.
9:27 of 2nd period - Shot Misses the Net.
9:29 of 2nd period - Snap shot by Brad Malone.
9:29 of 2nd period - Shot Misses the Net.
12:31 of 2nd period - Ronalds Kenins is hit by Justin Shugg and loses puck.
12:40 of 2nd period - Snap shot by Brandon Kozun.
12:40 of 2nd period - Stopped by Cam Ward with a rebound.
12:42 of 2nd period - Snap shot by John Albert.
12:42 of 2nd period - Stopped by Cam Ward with a rebound.
13:06 of 2nd period - Brandon Defazio is hit by Brent Sopel and loses puck.
14:03 of 2nd period - Steven Delisle is hit by Ty Rattie and loses puck.
15:21 of 2nd period - Minor Penalty to Alexandre Grenier for Holding.
15:22 of 2nd period - Justin Shugg wins face-off versus Alexander Khokhlachev in Stars zone.
15:51 of 2nd period - Brandon Bollig is hit by John Albert and loses puck.
16:04 of 2nd period - Snap shot by Brandon Bollig.
16:04 of 2nd period - Shot Misses the Net.
16:28 of 2nd period - Steven Delisle is hit by Alexander Khokhlachev and loses puck.
17:21 of 2nd period - Penalty to Alexandre Grenier is over, Alexandre Grenier is back on ice.
17:48 of 2nd period - Paul Thompson is hit by Connor Carrick and loses puck.
17:55 of 2nd period - Snap shot by Anthony Peluso.
17:55 of 2nd period - Goal by Anthony Peluso - Tigers : 10 - Stars : 1.
17:56 of 2nd period - Chandler Stephenson wins face-off versus Zach Sill in neutral zone.
18:03 of 2nd period - Slapshot by Anthony Peluso.
18:03 of 2nd period - Shot Misses the Net.
18:05 of 2nd period - Slapshot by Ian White.
18:05 of 2nd period - Shot Misses the Net.
18:07 of 2nd period - Slapshot by Ian White.
18:07 of 2nd period - Stopped by FARM GOALIE19 without a rebound.
18:08 of 2nd period - Chandler Stephenson wins face-off versus Zach Sill in Stars zone.
18:10 of 2nd period - Zach Sill and Anthony Peluso fight to a draw.
18:10 of 2nd period - Penalty to Zach Sill for Fighting.
18:10 of 2nd period - Penalty to Anthony Peluso for Fighting.
18:11 of 2nd period - Chandler Stephenson wins face-off versus Brandon Kozun in Stars zone.
18:28 of 2nd period - Adam Comrie is hit by John Albert and loses puck.
18:36 of 2nd period - Adam Comrie beats up Steven Delisle.
18:36 of 2nd period - Penalty to Steven Delisle for Fighting.
18:36 of 2nd period - Steven Delisle is ejected from game.
18:36 of 2nd period - Penalty to Adam Comrie for Fighting.
18:37 of 2nd period - Alexander Khokhlachev wins face-off versus Paul Thompson in Tigers zone.
18:37 of 2nd period - Alexander Khokhlachev is hit by Brent Sopel.
18:44 of 2nd period - Brad Malone and Cody McLeod fight to a draw.
18:44 of 2nd period - Penalty to Brad Malone for Fighting.
18:44 of 2nd period - Brad Malone is ejected from game.
18:44 of 2nd period - Penalty to Cody McLeod for Fighting.
18:44 of 2nd period - Cody McLeod is ejected from game.
18:45 of 2nd period - Ty Rattie wins face-off versus Paul Thompson in Stars zone.
19:02 of 2nd period - Wrist shot by Ty Rattie.
19:02 of 2nd period - Stopped by FARM GOALIE19 without a rebound.
19:03 of 2nd period - Paul Thompson wins face-off versus Alexander Khokhlachev in Stars zone.
19:13 of 2nd period - Slapshot by Jordan Leopold.
19:13 of 2nd period - Shot Blocked by Zac Dalpe.
19:15 of 2nd period - Slapshot by Kyle Quincey.
19:15 of 2nd period - Shot Blocked by Bruno Gervais.
19:17 of 2nd period - Slapshot by Kyle Quincey.
19:17 of 2nd period - Stopped by FARM GOALIE19 with a rebound.
19:47 of 2nd period - Bruno Gervais and Brandon Bollig fight to a draw.
19:47 of 2nd period - Penalty to Bruno Gervais for Fighting.
19:47 of 2nd period - Penalty to Brandon Bollig for Fighting.
19:47 of 2nd period - Penalty to Brandon Bollig for instigated a fight.
19:47 of 2nd period - Penalty to Brandon Bollig for instigated a fight.
19:48 of 2nd period - John Albert wins face-off versus Chandler Stephenson in Tigers zone.
Goals for this period are 6 for Tigers vs 1 for Stars.
Shots for this period are 9 for Tigers vs 6 for Stars.

3rd period


0:01 of 3rd period - Paul Thompson wins face-off versus Chandler Stephenson in neutral zone.
1:47 of 3rd period - Penalty to Brandon Bollig is over, Ty Rattie is send on ice.
1:51 of 3rd period - Kyle Quincey is hit by Justin Shugg and loses puck.
2:12 of 3rd period - Jason Williams is hit by Ty Rattie and loses puck.
3:25 of 3rd period - Wrist shot by Brandon Kozun.
3:25 of 3rd period - Shot Misses the Net.
3:41 of 3rd period - Connor Carrick is hit by Zach Sill and loses puck.
3:50 of 3rd period - Brandon Kozun is hit by Ronalds Kenins and loses puck.
4:31 of 3rd period - Backhand shot by Derrick Pouliot.
4:31 of 3rd period - Stopped by Cam Ward with a rebound.
4:33 of 3rd period - Slapshot by Derrick Pouliot.
4:33 of 3rd period - Stopped by Cam Ward with a rebound.
4:35 of 3rd period - Slapshot by Derrick Pouliot.
4:35 of 3rd period - Shot Misses the Net.
4:41 of 3rd period - Wrist shot by Miikka Salomaki.
4:41 of 3rd period - Stopped by Cam Ward with a rebound.
4:43 of 3rd period - Backhand shot by Paul Thompson.
4:43 of 3rd period - Stopped by Cam Ward with a rebound.
5:03 of 3rd period - Bruno Gervais is hit by Anthony Peluso and loses puck.
5:35 of 3rd period - Wrist shot by Jason Williams.
5:35 of 3rd period - Stopped by Cam Ward with a rebound.
5:55 of 3rd period - Chandler Stephenson is hit by Bruno Gervais and loses puck.
6:16 of 3rd period - Wrist shot by Alexandre Grenier.
6:16 of 3rd period - Shot Misses the Net.
6:36 of 3rd period - Harry Zolnierczyk is hit by Paul Thompson and loses puck.
6:44 of 3rd period - Off-side.
6:45 of 3rd period - Jason Williams wins face-off versus Carter Rowney in neutral zone.
7:16 of 3rd period - Alexandre Grenier is hit by Ronalds Kenins and loses puck.
7:27 of 3rd period - Kane Lafranchise is hit by John Albert and loses puck.
7:58 of 3rd period - Wrist shot by Zach Sill.
7:58 of 3rd period - Deflect By Brandon Kozun.
7:58 of 3rd period - Stopped by Cam Ward with a rebound.
8:02 of 3rd period - Slapshot by Brandon Kozun.
8:02 of 3rd period - Shot Misses the Net.
8:18 of 3rd period - Alexander Khokhlachev is hit by Paul Thompson and loses puck.
8:36 of 3rd period - Icing by Alexander Khokhlachev.
8:37 of 3rd period - Zach Sill wins face-off versus Chandler Stephenson in Tigers zone.
8:42 of 3rd period - Slapshot by Zach Sill.
8:42 of 3rd period - Stopped by Cam Ward with a rebound.
8:44 of 3rd period - Slapshot by Brandon Kozun.
8:44 of 3rd period - Deflect By Zach Sill.
8:44 of 3rd period - Shot Misses the Net.
8:44 of 3rd period - Puck is out of play.
8:45 of 3rd period - Justin Shugg wins face-off versus Harry Zolnierczyk in Tigers zone.
9:14 of 3rd period - Icing by Zac Dalpe.
9:15 of 3rd period - Carter Rowney wins face-off versus John Albert in Stars zone.
9:20 of 3rd period - Snap shot by Patrick Kaleta.
9:20 of 3rd period - Deflect By Carter Rowney.
9:20 of 3rd period - Stopped by FARM GOALIE19 with a rebound.
9:48 of 3rd period - Miikka Salomaki is hit by Carter Rowney and loses puck.
10:08 of 3rd period - Icing by Ty Rattie.
10:09 of 3rd period - Zach Sill wins face-off versus Anthony Peluso in Tigers zone.
10:24 of 3rd period - Snap shot by Justin Shugg.
10:24 of 3rd period - Shot Misses the Net.
11:32 of 3rd period - Snap shot by John Albert.
11:32 of 3rd period - Stopped by Cam Ward with a rebound.
11:34 of 3rd period - Snap shot by Zac Dalpe.
11:34 of 3rd period - Shot Blocked by Chandler Stephenson.
11:44 of 3rd period - Kyle Quincey is hit by Paul Thompson and loses puck.
11:55 of 3rd period - Wrist shot by Jason Williams.
11:55 of 3rd period - Stopped by Cam Ward with a rebound.
11:57 of 3rd period - Slapshot by Bruno Gervais.
11:57 of 3rd period - Deflect By Anthony Peluso.
11:57 of 3rd period - Stopped by Cam Ward with a rebound.
12:12 of 3rd period - Off-side.
12:13 of 3rd period - Carter Rowney wins face-off versus Zach Sill in neutral zone.
12:20 of 3rd period - Snap shot by Patrick Kaleta.
12:20 of 3rd period - Stopped by FARM GOALIE19 without a rebound.
12:21 of 3rd period - Zach Sill wins face-off versus Carter Rowney in Stars zone.
12:46 of 3rd period - Wrist shot by Ty Rattie.
12:46 of 3rd period - Shot Blocked by Cameron Gaunce.
12:59 of 3rd period - Alexander Khokhlachev is hit by Cameron Gaunce and loses puck.
13:10 of 3rd period - Miikka Salomaki is hit by Ty Rattie and loses puck.
13:43 of 3rd period - Kyle Quincey is hit by John Albert and loses puck.
13:50 of 3rd period - Snap shot by Patrick Kaleta.
13:50 of 3rd period - Shot Blocked by Brent Sopel.
13:52 of 3rd period - Snap shot by Chandler Stephenson.
13:52 of 3rd period - Shot Misses the Net.
13:54 of 3rd period - Wrist shot by Patrick Kaleta.
13:54 of 3rd period - Shot Misses the Net.
13:56 of 3rd period - Snap shot by Brandon Defazio.
13:56 of 3rd period - Shot Misses the Net.
14:20 of 3rd period - Zach Sill is hit by Connor Carrick and loses puck.
14:47 of 3rd period - 10 Minutes Misconduct Penalty to Brandon Bollig is over.
15:55 of 3rd period - Wrist shot by Brandon Bollig.
15:55 of 3rd period - Shot Blocked by Jason Williams.
15:57 of 3rd period - Wrist shot by Brandon Defazio.
15:57 of 3rd period - Stopped by FARM GOALIE19 with a rebound.
18:03 of 3rd period - Wrist shot by Jordan Leopold.
18:03 of 3rd period - Shot Misses the Net.
18:05 of 3rd period - Slapshot by Jordan Leopold.
18:05 of 3rd period - Shot Misses the Net.
18:07 of 3rd period - Slapshot by Jordan Leopold.
18:07 of 3rd period - Stopped by FARM GOALIE19 with a rebound.
18:09 of 3rd period - Wrist shot by Ronalds Kenins.
18:09 of 3rd period - Shot Blocked by Derrick Pouliot.
18:53 of 3rd period - Slapshot by Ty Rattie.
18:53 of 3rd period - Stopped by FARM GOALIE19 with a rebound.
19:49 of 3rd period - Wrist shot by Ronalds Kenins.
19:49 of 3rd period - Stopped by FARM GOALIE19 without a rebound.
19:50 of 3rd period - Zach Sill wins face-off versus Ronalds Kenins in Stars zone.
Goals for this period are 0 for Tigers vs 0 for Stars.
Shots for this period are 6 for Tigers vs 10 for Stars.